 Dungeon Crawl Stone Soup version 0.24.0-13-gcf9b3192b9 (webtiles) character file.

Game seed: 6862150454109890256, levelgen mode: deterministic

9256 PentaManta the Nimble (level 11, -1/57 HPs)
             Began as a Kobold Assassin on Nov 10, 2019.
             Was a High Priest of Uskayaw.
             Splashed by an oklob plant's acid (7 damage)
             ... on level 1 of the Lair of Beasts.
             The game lasted 00:50:35 (13632 turns).

PentaManta the Nimble (Kobold Assassin)            Turns: 13632, Time: 00:50:36

Health: -1/57      AC: 10    Str:  8    XL:     11   Next: 71%
Magic:  9/13       EV: 29    Int: 12    God:    Uskayaw [*****.]
Gold:   371        SH:  0    Dex: 21    Spells: 10/10 levels left

rFire    . . .     SeeInvis .   A - +3 short sword (speed)
rCold    . . .     Gourm    .   (shield restricted)
rNeg     . . .     Faith    .   g - +0 acid dragon scales
rPois    .         Spirit   .   k - +0 helmet
rElec    .         Reflect  .   c - +0 cloak
rCorr    +         Harm     .   s - +1 pair of gloves
MR       .....                  (no boots)
Stlth    ++++++....             (no amulet)
HPRegen  0.19/turn              B - ring of stealth
MPRegen  0.13/turn              V - +4 ring of evasion

@: no status effects
A: small, carnivore
a: Stomp, Line Pass, Grand Finale, Renounce Religion


You were on level 1 of the Lair of Beasts.
You worshipped Uskayaw.
Uskayaw was noncommittal.
You were very hungry.

You visited 3 branches of the dungeon, and saw 12 of its levels.
You also visited: Sewer.

You collected 504 gold pieces.
You spent 133 gold pieces at shops.

Inventory:

Hand Weapons
 a - a +2 dagger
 b - a +0 dagger of venom
 o - a +0 rapier
 t - a +0 hunting sling
 x - a +1 short sword of venom
 A - a +3 short sword of speed (weapon)
 Q - the +2 short sword of Stickiness {protect, rPois}
   (You found it on level 8 of the Dungeon)

   It grants its wielder temporary protection when it strikes (+7 to AC).
   It protects you from poison.
Missiles
 d - 15 poisoned darts (quivered)
 e - 2 curare-tipped darts
 u - 164 stones
Armour
 c - a +0 cloak (worn)
 g - +0 acid dragon scales (worn)
 k - a +0 helmet (worn)
 s - a +1 pair of gloves (worn)
 U - a +2 leather armour of cold resistance
 W - a +0 buckler
 X - a +0 troll leather armour
 Y - +0 steam dragon scales
Jewellery
 q - an uncursed ring of wizardry
 v - an uncursed ring of resist corrosion
 B - a ring of stealth (left hand)
 D - an uncursed ring of protection from magic
 N - an uncursed ring of ice
 O - an uncursed ring of flight
 V - a +4 ring of evasion (right hand)
Wands
 I - a wand of iceblast (7)
 K - a wand of enslavement (9)
 L - a wand of flame (19)
 M - a wand of random effects (23)
 R - a wand of polymorph (6)
Scrolls
 n - 2 scrolls of remove curse
 y - 2 scrolls of blinking
 E - 5 scrolls of teleportation
 F - a scroll of random uselessness {unknown}
 G - 5 scrolls of enchant weapon
 H - 4 scrolls of magic mapping
 J - 2 scrolls of fear
 S - a scroll of fog {unknown}
 T - a scroll of identify
Potions
 h - 2 potions of lignification
 i - 2 potions of brilliance
 j - 3 potions of haste
 m - a potion of curing
 p - 2 potions of magic
 r - a potion of heal wounds
 w - 3 potions of flight
 z - a potion of ambrosia
 C - 2 potions of mutation
 P - a potion of berserk rage {unknown}
 Z - a potion of agility {unknown}
Miscellaneous
 l - a phial of floods
Comestibles
 f - 21 rations


   Skills:
 - Level 2.1 Fighting
 - Level 11.1 Short Blades
 - Level 2.1 Throwing
 + Level 13.8 Dodging
 + Level 13.0 Stealth
 * Level 2.1 Shields
 * Level 2.9 Invocations


You had 10 spell levels left.
You didn't know any spells.
Your spell library was empty.

Dungeon Overview and Level Annotations

Branches:
Dungeon (10/15)            Temple (1/1) D:6            Lair (1/6) D:9
    Orc (0/2) D:9           Sewer (visited)

Altars:
Ashenzari
Cheibriados
Dithmenos
Elyvilon
Fedhas
Gozag
Hepliaklqana
Kikubaaqudgha
Makhleb
Nemelex Xobeh
Okawaru
Qazlal
Ru
Sif Muna
Trog
Uskayaw
Vehumet
Wu Jian
Xom
Yredelemnul
Zin
The Shining One

Shops:
D:4 ?   D:7 [

Annotations:
D:7 2 transporters, Delamore's ghost, novice HOFi
D:8 5 transporters
D:10 1 runed translucent door, exclusion: deep elf mage
Lair:1 exclusion: oklob plant


Innate Abilities, Weirdness & Mutations

You are small and have problems with some larger weapons.
You are carnivorous and can eat meat at any time.


Message History

The oklob plant is heavily damaged.
You hit the oklob plant but do no damage.
The oklob plant is heavily damaged.
You puncture the oklob plant!
The oklob plant is severely damaged.
You can now merge with and destroy a victim.
You see here a glowing scimitar.
The oklob plant spits acid at you. The splash of acid hits you! You resist.
You are splashed with acid!
You resist.
* * * LOW HITPOINT WARNING * * *
You hit the oklob plant.
The oklob plant is severely damaged.
The oklob plant spits acid at you. The splash of acid misses you.
The oklob plant spits acid at you. The splash of acid hits you. You resist.
* * * LOW HITPOINT WARNING * * *
You are splashed with acid!
You resist.
You die...

##.....#.# ####.####
##.(###...###.......## ##...#
###............#
#####..#.###..............#
#.##...##.................## #
##.....##.................#.. #
###......#.....................
###........##PPP.#..........#....
##.........##.$$@#..........#...#
............#.)..#........###...#
.#..........#.P(.#.......## #..##
............#.|..#.....### ...#
..#####.#..########..### #.## ###
.#### #### ### ##


You could see an oklob plant.

Vanquished Creatures
  2 oklob plants (Lair:1)
  A komodo dragon (Lair:1)
  2 trolls (D:9)
  A hippogriff (D:9)
  A wyvern (D:8)
  5 yaks (D:9)
  2 humans (D:9)
  A steam dragon (D:10)
  An acid dragon (D:6)
  2 water moccasins
  11 orc warriors
  An eye of draining (D:10)
  A phantom (D:8)
  4 ice beasts
  2 sky beasts
  6 ogres
  A wolf (D:9)
  A centaur (D:8)
  A crocodile (Sewer)
  6 big kobolds
  8 bullfrogs
  2 gnoll sergeants (D:9)
  A wyvern skeleton (D:9)
  A scorpion (D:10)
  10 killer bees
  An electric eel (D:9)
  4 wights
  3 crimson imps
  2 bullfrog zombies
  2 centaur zombies
  A quasit (D:9)
  A centaur skeleton (D:5)
  16 hounds
  2 orc priests
  3 jellies
  10 orc wizards
  2 iguanas
  Ijyb (D:3)
  Natasha (thrice) (D:3)
  Terence (D:3)
  5 worker ants
  3 gnolls
  14 adders
  3 shadow imps
  2 oozes
  An adder skeleton (D:7)
  A worm (D:4)
  3 dart slugs
  12 leopard geckos
  27 orcs
  8 giant cockroaches
  6 goblins
  6 hobgoblins
  6 jackals
  19 kobolds
  7 quokkas
  A ball python (D:8)
  7 bats
  4 frilled lizards
  17 rats
278 creatures vanquished.

Vanquished Creatures (others)
  2 plants (Lair:1)
2 creatures vanquished.

Grand Total: 280 creatures vanquished

Notes
Turn   | Place    | Note
-------+----------+-------------------------------------------
     0 | D:1      | PentaManta the Kobold Assassin began the quest for the Orb.
     0 | D:1      | Reached XP level 1. HP: 12/12 MP: 1/1
    95 | D:1      | Reached XP level 2. HP: 17/17 MP: 2/2
   452 | D:1      | Found a shattered altar of Ashenzari.
   461 | D:1      | Reached XP level 3. HP: 18/21 MP: 3/3
   916 | D:2      | Found a faded altar of an unknown god.
   942 | D:2      | Found a shimmering altar of Xom.
  1242 | D:2      | Reached XP level 4. HP: 26/26 MP: 4/4
  1910 | D:2      | Found a basalt altar of Yredelemnul.
  2158 | D:3      | Reached XP level 5. HP: 30/30 MP: 5/5
  2214 | D:3      | Found a hazy altar of Hepliaklqana.
  2226 | D:3      | Found an ornate altar of the Wu Jian Council.
  2235 | D:3      | Noticed Terence
  2238 | D:3      | Killed Terence
  2242 | D:3      | Noticed Natasha
  2244 | D:3      | Killed Natasha
  2347 | D:3      | Found a shimmering blue altar of Sif Muna.
  2499 | D:4      | Reached XP level 6. HP: 11/35 MP: 6/6
  2747 | D:4      | Found a glowing drain.
  2766 | D:4      | Reached skill level 5 in Dodging
  2802 | Sewer    | Entered a sewer
  2922 | Sewer    | HP: 1/35 [crocodile (18)]
  3332 | D:4      | Reached skill level 5 in Short Blades
  3503 | D:4      | Noticed an ogre
  3507 | D:4      | Killed an ogre
  3507 | D:4      | Reached XP level 7. HP: 40/40 MP: 7/7
  3708 | D:4      | Found Muenuj's Magic Scroll Shop.
  3717 | D:4      | Bought a scroll of teleportation for 42 gold pieces
  3717 | D:4      | Bought a scroll of teleportation for 42 gold pieces
  3717 | D:4      | Bought a scroll of magic mapping for 49 gold pieces
  3981 | D:3      | Found a stormy altar of Qazlal.
  4102 | D:3      | Noticed Natasha
  4226 | D:3      | Killed Natasha
  4273 | D:3      | Noticed Ijyb
  4277 | D:3      | Killed Ijyb
  4498 | D:3      | Found a stormy altar of Qazlal.
  4546 | D:3      | Found a hazy altar of Hepliaklqana.
  4557 | D:3      | Found an ornate altar of the Wu Jian Council.
  4559 | D:3      | Noticed Natasha
  4571 | D:3      | Killed Natasha
  4616 | D:3      | Found a shimmering blue altar of Sif Muna.
  5185 | D:5      | Entered Level 5 of the Dungeon
  5439 | D:5      | Reached XP level 8. HP: 44/44 MP: 8/8
  5455 | D:5      | Found a white marble altar of Elyvilon.
  6959 | D:6      | Found a staircase to the Ecumenical Temple.
  6991 | Temple   | Entered the Ecumenical Temple
  7242 | D:6      | Reached XP level 9. HP: 41/48 MP: 9/9
  7530 | Temple   | Became a worshipper of Uskayaw the Reveler
  7691 | D:6      | Reached * piety under Uskayaw
  7885 | D:6      | Reached ** piety under Uskayaw
  8242 | D:7      | Found a transporter.
  8248 | D:7      | Noticed Delamore's ghost (novice HOFi)
  8270 | D:7      | Found a transporter.
  8447 | D:7      | Found Lehi's Antique Armour Boutique.
  8452 | D:7      | Found a bloodstained altar of Trog.
  8497 | D:7      | Found a snail-covered altar of Cheibriados.
  8518 | D:7      | Reached skill level 10 in Dodging
  8584 | D:7      | Reached skill level 10 in Stealth
  8753 | D:8      | Found a transporter.
  8757 | D:8      | Found a transporter.
  8761 | D:8      | Noticed a gargoyle
  8762 | D:8      | Found a transporter.
  8774 | D:8      | Reached *** piety under Uskayaw
  8776 | D:8      | Noticed a two-headed ogre
  8779 | D:8      | Reached **** piety under Uskayaw
  8928 | D:8      | Found a transporter.
  9162 | D:8      | Found a transporter.
  9162 | D:8      | Noticed a yaktaur
  9191 | D:8      | Noticed a fire crab
  9192 | D:8      | Noticed a hippogriff
  9192 | D:8      | a fire crab changed into a hippogriff
  9285 | D:8      | Reached XP level 10. HP: 53/53 MP: 10/10
  9704 | D:8      | Got an encrusted short sword
  9705 | D:8      | Identified the +2 short sword of Stickiness {protect,
                  | rPois} (You found it on level 8 of the Dungeon)
  9946 | D:9      | Reached ***** piety under Uskayaw
  9972 | D:9      | Reached ****** piety under Uskayaw
 10267 | D:9      | Found a staircase to the Lair.
 10347 | D:9      | Reached skill level 10 in Short Blades
 10587 | D:9      | Found a staircase to the Orcish Mines.
 11540 | D:9      | Reached XP level 11. HP: 57/57 MP: 11/11
 11550 | D:9      | Found a sparkling altar of Nemelex Xobeh.
 11551 | D:9      | Found an opulent altar of Gozag.
 11794 | D:9      | Found an iron altar of Okawaru.
 12298 | D:10     | Entered Level 10 of the Dungeon
 12556 | D:10     | Found a runed translucent door.
 12559 | D:10     | Noticed a red ugly thing
 12559 | D:10     | Noticed a manticore
 12702 | D:10     | Reached skill level 1 in Invocations
 12922 | D:10     | Reached skill level 1 in Shields
 13028 | D:10     | Noticed a deep elf mage
 13028 | D:10     | Noticed an orc knight
 13229 | D:8      | Noticed a storm dragon
 13232 | D:8      | Noticed a catoblepas
 13264 | Lair:1   | Entered Level 1 of the Lair of Beasts
 13306 | Lair:1   | Noticed an oklob plant
 13307 | Lair:1   | Noticed an oklob plant
 13580 | Lair:1   | Noticed an oklob plant
 13603 | Lair:1   | Killed an oklob plant
 13604 | Lair:1   | Killed an oklob plant
 13632 | Lair:1   | Splashed by an oklob plant's acid

Levels and vault maps discovered:
D:1:      shiori_arrival_oz, layout_rooms, ashenzari_altar_1
D:2:      layout_loops_ring, lemuel_coloured_pillars_altar,
          overflow_temple_1_default, first_ration,
          chequers_ecumenical_altar_simple, minmay_rat_gold_closets
D:3:      layout_loops_corners, old_standard_altar, old_standard_altar,
          lemuel_doored_altar, old_standard_altar, uniq_natasha, uniq_terence,
          uniq_ijyb
D:4:      layout_rooms, portal_sewer_entry_f, serial_shops, shop,
          corexii_leaking_fountain, hangedman_decor_clover_reticule,
          chequers_serial_rivers_micro_d
D:5:      layout_cave_pools, marbit_many_paths
D:6:      layout_loops_corners, minmay_temple_entry_arrows
D:7:      layout_rooms, cheibriados_altar_1, bloody_trog, serial_shops, shop,
          gammafunk_ghost_stat_death, skrybe_limestone_x
D:8:      gammafunk_the_bubble [the_bubble_gammafunk_roulette], layout_basic
D:9:      layout_loops_ring, grunt_temple_overflow_opulence, okawaru_humans,
          erik_lair_island, kennysheep_orc_monster_closet_entryway
D:10:     minmay_the_grid_octo_triangle [minmay_the_grid_octo_toaster,
          minmay_the_grid_octo_prize_big_c, minmay_the_grid_octo_thin_diamonds],
          layout_rooms, grunt_ogre_cave, minmay_st_funbox
Temple:   eino_wide_crystal_templ
Lair:1:   layout_cave_pods, minmay_lair_oklob_chamber

Skill      XL: |  1  2  3  4  5  6  7  8  9 10 11 |
---------------+----------------------------------+-----
Short Blades   | 3 4 5 6 7 9 10 11 | 11.1
Dodging        | 2 3 4 5 6 8 10 12 13 | 13.8
Stealth        | 6 7 9 10 12 13 | 13.0
Invocations    | 2 |  2.9
Shields        | 2 |  2.1
Fighting       | |  2.1
Throwing       | |  2.1

Action                   |  1- 3 |  4- 6 |  7- 9 | 10-12 || total
-------------------------+-------+-------+-------+-------++-------
Melee: Dagger            |   135 |    61 |       |       ||   196
       Short sword       |       |   108 |   458 |   653 ||  1219
       Rapier            |       |       |       |    28 ||    28
Throw: Dart              |       |     5 |     1 |       ||     6
Invok: Stomp             |       |       |       |     5 ||     5
       Line Pass         |       |       |       |     4 ||     4
  Use: Scroll            |     9 |     6 |     4 |       ||    19
       Potion            |       |     1 |     1 |     2 ||     4
 Stab: Sleeping          |     7 |    16 |    18 |    22 ||    63
       Distracted        |       |     1 |     1 |     1 ||     3
       Paralysed         |       |       |     2 |    12 ||    14
       Confused          |       |       |       |     3 ||     3
  Eat: Chunk             |     2 |    11 |    18 |     8 ||    39
       Ration            |       |       |       |     1 ||     1
Armor: Robe              |    22 |    22 |    21 |       ||    65
       Ring mail         |       |       |     8 |       ||     8
       Acid dragon scale |       |       |    15 |    36 ||    51
       Troll leather arm |       |       |       |     8 ||     8
Dodge: Dodged            |    90 |    88 |   258 |   331 ||   767
